 Dungeon Crawl Stone Soup version 0.30-a0-269-gf0224bf7b6 (webtiles) character file.

Game seed: 14412935544352814335

172 greasedhog the Conjurer (level 5, -17/32 HPs)
             Began as a Gargoyle Conjurer on Oct 15, 2022.
             Demolished by Duvessa
             ... wielding a +0 rapier
              (19 damage)
             ... on level 6 of the Dungeon.
             The game lasted 00:03:18 (2366 turns).

greasedhog the Conjurer (Gargoyle Conjurer)         Turns: 2366, Time: 00:03:19

Health: -17/32     AC:  7    Str: 10    XL:     5   Next: 52%
Magic:  1/10       EV: 11    Int: 21    God:
Gold:   117        SH:  0    Dex:  8    Spells: 7/10 levels left

rFire   + . .      SeeInvis .    h - staff of fire
rCold   . . .      Faith    .    (no shield)
rNeg    + . .      Spirit   .    a - +0 robe
rPois   ∞          Reflect  .    k - +0 helmet
rElec   +          Harm     .    (no cloak)
rCorr   .          Rampage  .    (no gloves)
Will    .....                    (no boots)
Stlth   ++........               (no amulet)
HPRegen 0.25/turn                (no ring)
MPRegen 0.12/turn                (no ring)

@: about to teleport
A: sickness immunity, AC +4, negative energy resistance 1, electricity
resistance, torment resistance 1, petrification resistance
a: no special abilities


You were on level 6 of the Dungeon.
You visited 1 branch of the dungeon, and saw 4 of its levels.

You collected 117 gold pieces.

Inventory:

Missiles
 c - 3 curare-tipped darts
Armour
 a - a +0 robe (worn)
 k - a +0 helmet (worn)
Magical Staves
 h - a staff of fire (weapon)
Jewellery
 o - a ring of positive energy
Scrolls
 d - 2 scrolls of identify
 j - a scroll of noise {unknown}
 l - a scroll of enchant weapon {unknown}
 n - a scroll of silence {unknown}
Potions
 b - a potion of magic
 f - 2 potions of brilliance
 g - a potion of flight {unknown}
 i - 2 potions of curing {unknown}
 m - a potion of lignification {unknown}


   Skills:
 * Level 3.0 Fighting
 - Level 1.5 Dodging
 - Level 2.1 Stealth
 * Level 3.3 Spellcasting
 * Level 5.5 Conjurations


You had 7 spell levels left.
You knew the following spells:

 Your Spells              Type           Power      Damage    Failure   Level
a - Magic Dart            Conj           100%       1d8       1%          1
b - Searing Ray           Conj           52%        2d6       1%          2

Your spell library contained the following spells:

 Spells                   Type           Power      Damage    Failure   Level
 Dazzling Flash           Conj/Hex       30%        N/A       12%         3
 Fulminant Prism          Conj/Hex       7%         3d7       38%         4
 Iskenderun's Mystic Bla  Conj/Tloc      15%        2d5       38%         4


Dungeon Overview and Level Annotations

Branches:
Dungeon (6/15)
 Temple: D:4-7

Altars:

Annotations:
D:6 Duvessa


Innate Abilities, Weirdness & Mutations

You are immune to sickness and miasma.
Your stone body is resilient. (AC +4)
You are immune to poison.
You resist negative energy. (rN+)
You are resistant to electric shocks. (rElec)
You are resistant to unholy torment.
You are immune to petrification.


Message History

Dowan is lightly wounded.
The searing ray hits Duvessa.
Duvessa is lightly wounded.
The searing ray hits Dowan.
Dowan is moderately wounded.
Duvessa hits you with a +0 rapier!
The searing ray hits Duvessa but does no damage.
Duvessa is lightly wounded.
The searing ray hits Dowan!
Dowan is heavily wounded.
You finish channelling your searing ray.
Duvessa hits you with a +0 rapier. Duvessa misses you.
Casting: Searing Ray (safe; 2% risk of failure)
Confirm with . or Enter, or press ? or * to list all spells.
Aiming: Searing Ray (safe; 2% risk of failure)
Press: ? - help, Shift-Dir - straight line The searing ray hits Duvessa.
Duvessa is moderately wounded.
The searing ray hits Dowan.
Dowan is heavily wounded. (Press . to maintain the ray.) Duvessa completely misses you.
The searing ray hits Duvessa.
Duvessa is moderately wounded.
The searing ray hits Dowan!
You kill Dowan!
Duvessa screams, "No!
How DARE you!"
Duvessa goes berserk!
Duvessa hits you with a +0 rapier!
Your Fighting skill increases to level 3!
The searing ray hits Duvessa but does no damage.
Duvessa is moderately wounded.
Duvessa hits you with a +0 rapier.
* * * LOW HITPOINT WARNING * * *
Duvessa hits you with a +0 rapier.
* * * LOW HITPOINT WARNING * * *
As you read the scroll of teleportation, it crumbles to dust.
You feel strangely unstable. Duvessa hits you with a +0 rapier!!
Ouch! That really hurt!
You die...

######### #.......#
#.......# #....>..#
#.......#
#.......#################
#........@e)............#
#.......######..........##
#.(....># #............
#.......# #######.###..
#......)# . #......
.....###. ..#######..).
..... . .............
..... . ............. ....
.. .........####


You could see Duvessa (berserk).

Vanquished Creatures
  Dowan (D:6)
  An iguana (D:6)
  3 adders (D:2)
  3 gnolls
  2 dart slugs
  2 ball pythons
  3 bats
  2 endoplasms (D:1)
  2 giant cockroaches
  4 goblins
  5 hobgoblins
  4 kobolds
  A quokka (D:2)
  2 frilled lizards (D:1)
  2 rats (D:1)
37 creatures vanquished.

Notes
Turn   | Place    | Note
-------+----------+-------------------------------------------
     0 | D:1      | greasedhog the Gargoyle Conjurer began the quest for the
                  | Orb.
     0 | D:1      | Reached XP level 1. HP: 10/10 MP: 3/3
    10 | D:1      | Noticed a centaur
   256 | D:1      | Reached XP level 2. HP: 16/16 MP: 0/5
   411 | D:1      | Reached skill level 1 in Fighting
   414 | D:1      | Learned a level 2 spell: Searing Ray
   661 | D:1      | Reached XP level 3. HP: 2/20 MP: 0/6
  1096 | D:1      | Found a faded altar of an unknown god.
  1618 | D:2      | Reached skill level 5 in Conjurations
  1618 | D:2      | Reached XP level 4. HP: 26/26 MP: 5/8
  2182 | D:3      | You fall into a shaft and drop 3 floors!
  2261 | D:6      | Reached XP level 5. HP: 31/31 MP: 2/9
  2335 | D:6      | Noticed Duvessa
  2335 | D:6      | Noticed Dowan
  2364 | D:6      | Killed Dowan
  2366 | D:6      | Demolished by Duvessa

Illustrated notes

Levels and vault maps discovered:
D:1:      evilmike_arrival_come_back, layout_basic,
          dreamdust_ecumenical_altar_sealed_demon, chequers_mini_garden
D:2:      layout_loops_cross
D:3:      layout_basic, nicolae_overflow_hidden_temple,
          nicolae_vehumet_altar_sigil, kennysheep_flooded_box
D:6:      layout_rooms, gammafunk_ghost_nasty_kobolds, uniq_duvessa, uniq_pikel,
          uniq_edmund

Skill      XL: |  1  2  3  4  5 |
---------------+----------------+-----
Fighting       | 1 2 3 |  3.0
Conjurations   | 5 |  5.5
Spellcasting   | 3 |  3.3
Dodging        | |  1.5
Stealth        | |  2.1

Action                   |  1- 3 |  4- 6 || total
-------------------------+-------+-------++-------
Melee: Dagger            |    25 |       ||    25
       Unarmed           |     5 |       ||     5
 Cast: Magic Dart        |    48 |    16 ||    64
       Searing Ray       |     4 |     4 ||     8
  Use: Scroll            |     3 |     1 ||     4
Armor: Robe              |    16 |     1 ||    17
Dodge: Dodged            |    24 |     2 ||    26

Table legend: (Time is in decaauts)
 A = Elapsed time spent in this place.
 B = Non-inter-level travel time spent in this place.
 C = Inter-level travel time spent in this place.
 D = Time resting spent in this place.
 E = Time spent auto-exploring this place.
 F = Levels seen in this place.
 G = Mean time per level.
                   A        B        C        D        E       F      G
               +--------+--------+--------+--------+--------+-----+--------+
         Total |   2364 |   2335 |     29 |    217 |   1750 |   4 |  591.0 |
       Dungeon |   2364 |   2335 |     29 |    217 |   1750 |   4 |  591.0 |
               +--------+--------+--------+--------+--------+-----+--------+

Top non-repeatable levels by time:
     D:1: 1180 daAuts
     D:2: 887 daAuts
     D:6: 183 daAuts
     D:3: 112 daAuts
